Map: Frost LE

Players

ViewtifulJoe

  • Race: Zerg Zerg
  • League: Diamond

llllllllllll - Winner!

  • Race: Protoss Protoss
  • League: Diamond

VOD

Have the link to the VOD?

Description

Time

  • Played on: Sept. 24, 2016, 4:07 p.m.
  • Length: 19:27
Show
View Real Time Build Order
Export as new Build Order

ViewtifulJoe Zerg 

Build Orders: Hatch First, Muta Ling Bane 

Get SALT Encoding   

  12  0:01  Drone  
  13  0:13  Overlord  
  13  0:19  Drone  
  14  0:31  Drone x2  
  17  0:35  Drone  
  17  0:54  Hatchery  
  17  0:57  Drone  
  17  1:00  Drone  
  17  1:03  Extractor  
  17  1:12  Drone  
  18  1:22  Spawning Pool  
  18  1:25  Drone  
  18  1:38  Drone  
  19  1:50  Overlord  
  19  2:08  Metabolic Boost  
  19  2:09  Queen x2  
  19  2:10  Zergling x2  
  19  2:13  Zergling x2  
  25  2:18  Drone  
  25  2:19  Drone  
  27  2:26  Drone  
  28  2:31  Drone x2  
  30  2:46  Spine Crawler  
  29  2:52  Drone x2  
  31  3:00  Hatchery  
  30  3:09  Baneling Nest  
  30  3:10  Drone x2  
  31  3:16  Drone x2  
  32  3:29  Drone x4  
  36  3:35  Lair  
  36  3:40  Overlord  
  36  3:58  Queen  
  36  4:02  Zergling x4  
  40  4:07  Drone  
  40  4:08  Drone x3  
  44  4:10  Overlord x2  
  44  4:21  Zergling x6  
  44  4:22  Zergling x4  
  51  4:52  Drone  
  52  4:59  Hatchery  
  49  5:00  Extractor  
  49  5:04  Extractor  
  49  5:05  Spire, Drone x4  
  49  5:06  Extractor, Drone x2  
  51  5:10  Hatchery  
  51  5:11  Zergling x4  
  52  5:22  Drone  
  52  5:23  Drone x3  
  56  5:29  Drone x3  
  58  5:54  Zergling x2  
  58  5:55  Overlord  
  58  5:56  Overlord x3  
  59  5:57  Pneumatized Carapace  
  59  5:58  Roach Warren  
  58  6:12  Zergling x2  
  58  6:13  Zergling x10  
  58  6:17  Mutalisk x2  
  68  6:38  Mutalisk  
  68  6:39  Mutalisk x3  
  76  6:41  Zergling x14  
  83  6:49  Mutalisk  
  83  6:54  Spore Crawler  
  84  6:56  Spore Crawler  
  84  7:01  Spore Crawler  
  82  7:02  Mutalisk  
  84  7:13  Spore Crawler  
  84  7:14  Drone  
  84  7:15  Drone x13, Spore Crawler  
  79  7:27  Drone  
  79  7:28  Drone x2  
  79  7:29  Drone x3  
  85  7:55  Zergling x10  
  85  7:56  Zergling x10  
  95  8:05  Centrifical Hooks  
  95  8:08  Baneling x4  
  95  8:09  Spire  
  95  8:12  Drone x2  
  96  8:26  Overlord x3  
  84  8:49  Roach Warren  
  62  9:08  Zergling x2  
  62  9:09  Zergling x8, Roach x4  
  66  9:10  Roach x4, Zergling x8  
  66  9:11  Zergling x2  
  66  9:13  Drone  
  66  9:15  Drone  
  75  9:23  Spore Crawler  
  74  9:25  Glial Reconstitution  
  74  9:28  Roach x3  
  81  9:45  Evolution Chamber  
  80  9:46  Evolution Chamber, Ravager x8  
  80  9:47  Overlord x2  
  80  9:50  Drone  
  80  9:51  Drone  
  89  9:55  Drone  
  89  9:56  Spore Crawler  
  89  9:58  Drone  
  90  10:00  Drone  
  92  10:07  Drone x4  
  95  10:23  Hydralisk Den  
  91  10:46  Zergling x2  
  91  10:47  Zergling x34  
  77  11:05  Muscular Augments, Hydralisk  
  77  11:06  Hydralisk x3  
  78  11:14  Hydralisk x2  
  78  11:18  Drone x3  
  85  11:29  Zerg Ground Armor Level 1  
  85  11:46  Hydralisk x5  
  95  11:58  Hydralisk x5  
  95  12:18  Baneling  
  95  12:19  Baneling x15  
  95  12:20  Baneling x4  
  95  12:21  Baneling x2  
  95  12:23  Hydralisk  
  95  12:28  Drone x2  
  87  12:48  Hydralisk  
  87  12:49  Hydralisk x5  
  98  13:00  Drone x5, Infestation Pit  
  98  13:03  Extractor  
  101  13:06  Extractor  
  96  13:20  Hydralisk  
  96  13:21  Hydralisk x4  
  84  13:35  Hydralisk  
  84  13:36  Hydralisk x3  
  92  13:48  Hive  
  92  13:59  Spore Crawler  
  92  14:01  Spore Crawler  
  89  14:35  Hatchery  
  88  14:45  Hydralisk x3  
  88  14:46  Hydralisk  
  88  14:47  Nydus Network  
  95  14:52  Hatchery  
  95  14:59  Zerg Missile Weapons Level 1  
  94  15:23  Hydralisk x4  
  102  15:46  Nydus Canal  
  102  15:54  Spore Crawler  
  102  15:56  Spore Crawler x2  
  87  16:29  Nydus Canal  
  45  16:33  Hydralisk  
  45  16:34  Hydralisk x8  
  45  16:39  Viper x2  
  69  17:05  Viper  
  72  17:15  Hydralisk  
  72  17:16  Hydralisk x2  
  66  17:51  Viper x2  
  63  17:54  Zergling x12  
  63  17:55  Zergling x8  
  79  18:15  Hydralisk  
  79  18:16  Hydralisk  
  79  18:17  Spore Crawler  
  82  18:35  Hydralisk  
  82  18:36  Hydralisk  
Show
View Real Time Build Order
Export as new Build Order

llllllllllll Protoss - Winner!

Build Orders:  

Get SALT Encoding   

  12  0:01  Probe (Chrono Boost)  
  13  0:11  Probe (Chrono Boost)  
  14  0:22  Probe (Chrono Boost)  
  14  0:25  Pylon  
  15  0:44  Probe (Chrono Boost)  
  15  0:47  Gateway  
  16  0:54  Assimilator, Probe (Chrono Boost)  
  17  0:58  Assimilator  
  17  1:05  Probe (Chrono Boost)  
  18  1:15  Probe (Chrono Boost)  
  19  1:26  Probe (Chrono Boost)  
  20  1:36  Probe (Chrono Boost)  
  21  1:50  Nexus  
  21  1:56  Cybernetics Core  
  21  1:59  Probe (Chrono Boost)  
  22  2:10  Pylon  
  22  2:14  Probe (Chrono Boost)  
  23  2:25  Pylon  
  23  2:29  Zealot, Probe (Chrono Boost)  
  26  2:43  Mothership Core (Chrono Boost)  
  28  2:52  Zealot  
  30  3:01  Assimilator  
  30  3:02  Probe (Chrono Boost)  
  30  3:05  Assimilator  
  31  3:11  Probe (Chrono Boost)  
  32  3:14  Probe (Chrono Boost)  
  32  3:17  Forge  
  33  3:22  Stalker  
  35  3:34  Probe (Chrono Boost)  
  37  3:35  Probe (Chrono Boost)  
  37  3:42  Pylon  
  37  3:44  Probe (Chrono Boost)  
  37  3:47  Probe (Chrono Boost)  
  39  3:55  Probe (Chrono Boost)  
  40  3:59  Probe (Chrono Boost)  
  40  4:01  Stargate  
  41  4:07  Stargate  
  41  4:15  Stargate  
  41  4:19  Probe (Chrono Boost)  
  41  4:21  Probe (Chrono Boost)  
  43  4:30  Probe (Chrono Boost)  
  44  4:33  Probe (Chrono Boost)  
  45  4:40  Probe (Chrono Boost)  
  42  4:57  Probe (Chrono Boost)  
  42  4:59  Probe (Chrono Boost)  
  42  5:02  Photon Cannon  
  42  5:07  Oracle x3, Photon Cannon  
  42  5:12  Photon Cannon  
  51  5:17  Mothership Core (Chrono Boost)  
  53  5:26  Pylon  
  53  5:39  Pylon  
  53  5:43  Oracle x3  
  62  5:57  Pylon  
  62  5:58  Probe (Chrono Boost)  
  62  6:00  Probe (Chrono Boost)  
  64  6:08  Photon Cannon  
  64  6:09  Probe (Chrono Boost)  
  66  6:12  Probe (Chrono Boost)  
  66  6:16  Photon Cannon  
  66  6:19  Oracle x2  
  66  6:20  Probe (Chrono Boost)  
  66  6:23  Oracle  
  76  6:31  Photon Cannon  
  76  6:34  Photon Cannon  
  76  6:44  Pylon  
  76  6:49  Pylon  
  82  7:06  Phoenix x3  
  64  7:28  Nexus  
  64  7:31  Phoenix x3  
  70  7:38  Photon Cannon  
  70  7:41  Photon Cannon  
  70  7:45  Photon Cannon  
  70  7:46  Pylon  
  70  7:48  Pylon  
  69  7:55  Pylon  
  69  7:56  Phoenix  
  70  8:10  Forge  
  70  8:16  Phoenix x2  
  71  8:21  Phoenix  
  70  8:46  Void Ray x2  
  70  8:47  Void Ray  
  78  9:24  Probe (Chrono Boost)  
  78  9:25  Pylon  
  78  9:28  Void Ray  
  83  9:35  Probe (Chrono Boost)  
  84  9:43  Photon Cannon  
  85  9:45  Probe (Chrono Boost)  
  85  9:54  Assimilator  
  85  10:01  Assimilator  
  85  10:03  Void Ray  
  90  10:07  Probe (Chrono Boost)  
  90  10:08  Probe (Chrono Boost)  
  91  10:15  Void Ray  
  91  10:19  Probe (Chrono Boost)  
  91  10:20  Probe (Chrono Boost)  
  97  10:31  Probe x2 (Chrono Boost)  
  96  10:59  Void Ray x3  
  108  11:16  Pylon  
  108  11:19  Probe (Chrono Boost)  
  108  11:20  Pylon  
  108  11:23  Photon Cannon  
  108  11:25  Photon Cannon  
  109  11:28  Nexus  
  109  11:29  Probe (Chrono Boost)  
  110  11:38  Pylon  
  109  11:42  Void Ray x3  
  113  12:24  Probe (Chrono Boost)  
  113  12:28  Oracle x3  
  123  12:34  Pylon  
  123  12:36  Pylon  
  123  12:37  Probe (Chrono Boost)  
  124  12:38  Pylon  
  124  12:39  Pylon  
  117  12:47  Probe (Chrono Boost)  
  117  12:58  Probe (Chrono Boost)  
  118  13:03  Oracle x2  
  118  13:04  Oracle  
  127  13:08  Probe (Chrono Boost)  
  127  13:11  Photon Cannon  
  128  13:13  Photon Cannon  
  128  13:16  Photon Cannon  
  128  13:19  Probe (Chrono Boost)  
  125  13:29  Probe (Chrono Boost)  
  119  13:39  Oracle x3  
  128  14:15  Oracle x3  
  135  14:48  Nexus  
  135  14:50  Pylon, Oracle  
  135  14:51  Oracle  
  135  14:52  Pylon  
  141  14:54  Pylon  
  139  15:01  Oracle  
  142  15:09  Stargate  
  142  15:10  Stargate  
  142  15:15  Photon Cannon  
  142  15:18  Pylon, Photon Cannon  
  142  15:20  Photon Cannon  
  142  15:24  Assimilator, Photon Cannon  
  142  15:25  Photon Cannon  
  142  15:26  Assimilator  
  142  15:27  Photon Cannon  
  142  15:29  Photon Cannon  
  142  15:31  Photon Cannon  
  142  15:56  Void Ray x3  
  153  16:39  Void Ray x3  
  165  16:48  Nexus  
  165  17:02  Void Ray  
  165  17:03  Void Ray  
  173  17:32  Probe x2 (Chrono Boost)  
  172  17:42  Probe (Chrono Boost)  
  173  17:59  Void Ray x3  
  173  18:00  Probe (Chrono Boost)  
  173  18:03  Pylon  
  186  18:05  Pylon  
  186  18:08  Pylon  
  186  18:10  Probe (Chrono Boost)  
  187  18:21  Void Ray x2, Probe (Chrono Boost)  
Tags
 
Add a new tag
Caveats
  • Supply blocks, unpowered buildings, or Contaminate may cause inaccurate times.
  • Supply counts are checked every 10 seconds.